 Dungeon Crawl Stone Soup version 0.31.0-11-ge490571c62 (webtiles) character file.

Game seed: 339194386236591424

381 SnakkuSnakku7 the Trooper (level 6, 0/56 HPs)
             Began as an Armataur Hedge Wizard on Jan 27, 2024.
             Incinerated by a bombardier beetle (6 damage)
             ... with a burning spray
             ... on level 4 of the Dungeon.
             The game lasted 00:03:13 (2087 turns).

SnakkuSnakku7 the Trooper (Armataur Hedge Wizard)   Turns: 2087, Time: 00:03:13

Health: 0/56       AC: 15    Str: 18    XL:     6   Next: 46%
Magic:  10/10      EV:  3    Int: 14    God:
Gold:   8          SH:  0    Dex:  9    Spells: 10/10 levels left

rFire   . . .        a - +0 flail
rCold   . . .        n - orb {*Rage}
rNeg    . . .        q - +0 plate armour
rPois   .            p - +1 helmet
rElec   .            (no cloak)
rCorr   .            v - +0 pair of gloves
SInv    .            (no barding)
Will    .....        (no amulet) Stlth
                     k - +4 ring of protection
HPRegen 0.29/turn    (no ring)
MPRegen 1.11/turn

%: random rage (20%), roll
@: on fire, on berserk cooldown, slowed, glowing, very slow
A: large, deformed body, tough skin 3, armoured tail, roll 1
a: no special abilities


You were on level 4 of the Dungeon.
You visited 1 branch of the dungeon, and saw 4 of its levels.

You collected 92 gold pieces.
You spent 84 gold pieces at shops.

Inventory:

Hand Weapons
 a - a +0 flail (weapon)
 e - a +0 whip
 m - a +0 spear
 w - a +0 dagger
Missiles
 h - 6 javelins
Armour
 b - a +0 robe
 c - a +0 hat
 n - an orb of wrath (worn)
 p - a +1 helmet (worn)
 q - a +0 plate armour (worn)
 v - a +0 pair of gloves (worn)
Jewellery
 k - a +4 ring of protection (left hand)
Scrolls
 g - a scroll of teleportation {unknown}
 i - 2 scrolls of vulnerability {unknown}
 l - 2 scrolls of immolation {unknown}
 u - a scroll of silence
Potions
 d - a potion of magic
 f - a potion of haste
 j - a potion of brilliance
 o - a potion of enlightenment
 s - 3 potions of berserk rage


   Skills:
 - Level 5.5 Fighting
 + Level 1.8 Maces & Flails
 - Level 1.3 Dodging
 - Level 2.1 Stealth
 - Level 2.6 Spellcasting
 - Level 0.8 Conjurations
 - Level 0.7 Summonings
 - Level 1.0 Translocations


You had 10 spell levels left.
You didn't know any spells.
Your spell library contained the following spells:

 Spells                   Type           Power      Damage    Failure   Level
 Kiss of Death            Conj/Necr      12%        2d6       100%        1
 Magic Dart               Conj           16%        1d3       100%        1
 Slow                     Hex            4%         N/A       100%        1
 Blink                    Tloc           8%         N/A       100%        2
 Call Imp                 Summ           6%         N/A       100%        2
 Cigotuvi's Dreadful Rot  Necr/Alch/Air  2%         N/A       100%        2
 Confusing Touch          Hex            1%         N/A       100%        3
 Mephitic Cloud           Conj/Alch/Air  2%         N/A       100%        3
 Dispel Undead            Necr           1%         3d6       100%        4
 Haunt                    Necr/Summ      1%         N/A       100%        7
 Borgnjor's Revivificati  Necr           0%         N/A       100%        8
 Death's Door             Necr           0%         N/A       100%        9


Dungeon Overview and Level Annotations

Branches:
Dungeon (4/15)
 Temple: D:4-7

Altars:

Shops:
D:1 ?:(:


Innate Abilities, Weirdness & Mutations

Armour fits poorly on your strangely shaped body.
You have extremely tough skin. (AC +3)
You have a long armoured tail.
You regenerate magic when rolling toward enemies. (Rampage MPRegen)


Message History

You roll towards the bombardier beetle!
You roll towards the bombardier beetle!
Found a scroll of identify.
Found a robe.
You feel a strong urge to attack something.
You are no longer berserk.
You are exhausted.
You feel yourself slow down.
You sock the bombardier beetle!
The bombardier beetle is severely wounded.
The bombardier beetle bites you but does no damage.
You barely miss the bombardier beetle.
The bombardier beetle is severely wounded.
The bombardier beetle sprays incendiary fluid at you.
The burning spray hits you.
You are covered in liquid fire!
You closely miss the bombardier beetle. You tail-slap the bombardier beetle.
The bombardier beetle is almost dead.
The liquid fire burns you!
The bombardier beetle bites you but does no damage.
You hit the bombardier beetle.
The bombardier beetle is almost dead.
The liquid fire burns you!
The bombardier beetle sprays incendiary fluid at you.
The burning spray hits you.
You are even more covered in liquid fire!
The bombardier beetle bites you.
You sock the bombardier beetle!
You kill the bombardier beetle!
The liquid fire burns you!
* * * LOW HITPOINT WARNING * * *
You shake off some of the fire as you move.
The liquid fire burns you!
* * * LOW HITPOINT WARNING * * *
Unknown command.
You shake off some of the fire as you move.
The liquid fire burns you!
* * * LOW HITPOINT WARNING * * *
You shake off some of the fire as you move.
The liquid fire burns you!
You die...

#....#..#
#.#.....#
##.###...#
..$.....$#
.#.###)..#
.......))#
.........#
#..###...#
#.......@#
#.###....#
#....#
#....#
#....#
#....#
#...?#
#.[..#
#.....


There were no monsters in sight!

Vanquished Creatures
  Sigmund (D:2)
  A bombardier beetle (D:4)
  2 orc priests
  Jessica (D:2)
  Robin (D:2)
  An adder (D:2)
  4 dart slugs
  8 orcs
  2 ball pythons
  3 endoplasms
  2 giant cockroaches
  5 hobgoblins
  2 quokkas (D:2)
  7 bats
  5 frilled lizards
  11 goblins
  4 kobolds (D:1)
  3 rats
63 creatures vanquished.

Notes
Turn   | Place    | Note
-------+----------+-------------------------------------------
     0 | D:1      | SnakkuSnakku7 the Armataur Hedge Wizard began the quest for
                  | the Orb.
     0 | D:1      | Reached XP level 1. HP: 14/14 MP: 4/4
     2 | D:1      | Noticed a minotaur
     2 | D:1      | Noticed a gargoyle
     4 | D:1      | Noticed a demonspawn
     4 | D:1      | Noticed a naga
     6 | D:1      | Noticed a vampire
     8 | D:1      | Noticed a merfolk
    10 | D:1      | Noticed a formicid
    10 | D:1      | Noticed a demigod
    12 | D:1      | Noticed a tengu
    12 | D:1      | Noticed a djinni
    14 | D:1      | Noticed a ghoul
    14 | D:1      | Noticed a felid
    16 | D:1      | Noticed a draconian
    18 | D:1      | Noticed a barachi
    18 | D:1      | Noticed an octopode
    20 | D:1      | Noticed an oni
    20 | D:1      | Noticed an armataur
    22 | D:1      | Noticed a human
    22 | D:1      | Noticed a spriggan
    24 | D:1      | Noticed a vine stalker
    26 | D:1      | Noticed an elf
    26 | D:1      | Noticed a troll
   149 | D:1      | Reached skill level 1 in Fighting
   187 | D:1      | Found Hujior's Weapon Shop.
   232 | D:1      | Reached XP level 2. HP: 20/23 MP: 5/5
   324 | D:1      | Found Xoxiz's Book Boutique.
   343 | D:1      | Found Jazuh's Book Emporium.
   486 | D:1      | Reached skill level 2 in Fighting
   486 | D:1      | Found Lufi's Magic Scroll Boutique.
   813 | D:2      | Noticed Sigmund
   865 | D:2      | Noticed Jessica
   874 | D:2      | Killed Jessica
   875 | D:2      | Reached XP level 3. HP: 17/30 MP: 7/7
   955 | D:2      | Reached skill level 3 in Fighting
  1090 | D:2      | Killed Sigmund
  1091 | D:2      | Reached skill level 5 in Fighting
  1091 | D:2      | Reached XP level 4. HP: 42/42 MP: 8/8
  1091 | D:2      | Reached XP level 5. HP: 48/48 MP: 9/9
  1143 | D:2      | Noticed Robin
  1160 | D:2      | Killed Robin
  1629 | D:3      | Reached XP level 6. HP: 56/56 MP: 10/10
  1928 | D:3      | Found a faded altar of an unknown god.
  2009 | D:1      | Bought a scroll of identify for 28 gold pieces
  2009 | D:1      | Bought a scroll of identify for 28 gold pieces
  2009 | D:1      | Bought a scroll of identify for 28 gold pieces
  2072 | D:4      | Reached skill level 1 in Maces & Flails
  2087 | D:4      | Incinerated by a bombardier beetle

Illustrated notes

Levels and vault maps discovered:
D:1:      kb_arrival_jail, layout_basic, serial_shops, shop,
          nicolae_shop_advertising_works [nicolae_subvault_shop_adworks], shop,
          nicolae_shop_competitors_out_of_business
D:2:      layout_rooms, uniq_sigmund, uniq_robin, uniq_jessica
D:3:      layout_basic, hellmonk_ecumenical_altar_prayer_group
D:4:      layout_basic, lemuel_coloured_pillars_altar, kennysheep_generic_room_8

Skill      XL: |  1  2  3  4  5  6 |
---------------+-------------------+-----
Fighting       | 1 2 5 |  5.5
Maces & Flails | 1 |  1.8
Dodging        | |  1.3
Stealth        | |  2.1
Spellcasting   | |  2.6
Conjurations   | |  0.8
Summonings     | |  0.7
Translocations | |  1.0

Action                     |  1- 3 |  4- 6 || total
---------------------------+-------+-------++-------
  Melee: Dagger            |    38 |       ||    38
         Whip              |    54 |       ||    54
         Tailslap          |    13 |     5 ||    18
         Punch             |     1 |       ||     1
         Spear             |    20 |    55 ||    75
         Flail             |       |    35 ||    35
    Use: Scroll            |       |     9 ||     9
   Stab: Sleeping          |     1 |       ||     1
 Armour: Robe              |    78 |    22 ||   100
         Plate armour      |       |    58 ||    58
  Dodge: Dodged            |    66 |    30 ||    96
